Unix NetHack Version 3.7.0-97 Work-in-progress - last build Jan 28 2024 04:41:54 (eae211b052f4c4d875b52ed558e44d2f93f0896c,branch:master). Game began 2024-02-02 15:16:38, ended 2024-02-03 18:09:04. gargor, neutral male human Tourist -- ---.| --- --a@.------------- --------------.|---|.aa.G...........| |..............|....a...@...........| |..<.---------.|...-..--|--.........| ---...- |.|.).|..| .. ----- .| ..|... |.-%---..| .| - -----.| |.@....@.| .| - |........| -- ------...| ...| ...| ...- .... ..#. -. . -. | . -- Gargor the Excursionist St:11 Dx:12 Co:15 In:13 Wi:7 Ch:17 Neutral S:1962 Dlvl:7 $:21 HP:0(58) Pw:16(16) AC:6 Xp:6/413 T:2160 Burdened Latest messages: You see here a dagger. You have a little trouble lifting G - a dagger (6 in total). You hear a door open. You start digging. You hit the rock with all your might. You hear a door open. You feel an unexpected draft. You make an opening in the wall. You hear a door open. What do you want to wield? [- alrsGHJX or ?*] 0 Count: 0 - You are bare handed. You hear a door open. You hear someone cursing shoplifters. You hear a distant zap. You hear someone cursing shoplifters. You hear a door open. You hear water falling on coins. It hits! The gnome shoots 2 crossbow bolts! The 1st crossbow bolt hits it. The 2nd crossbow bolt hits it. What do you want to zap? [zK or ?*] z In what direction? u You kill it! You kill the gnome! There is a doorway here. There are several objects here. You hear someone praising Offler. You have a little trouble lifting Z - a brass wand. The door opens. The killer bee stings! The killer bee's sting was poisoned! The killer bee stings! The killer bee misses! You hear a door open. The killer bee stings! The killer bee stings! The killer bee stings! The killer bee stings! The killer bee stings! The watchman opens a door. The killer bee stings! The killer bee stings! The killer bee stings! The gnome lord wields a thonged club! The killer bee stings! The killer bee's sting was poisoned! You die... Do you want your possessions identified? [ynq] (y) q Inventory: Coins $ - 21 gold pieces Weapons a - 20 +2 darts (at the ready) r - 61 +0 darts s - 11 cursed -1 darts J - a blessed +4 dagger G - 6 +0 daggers X - a corroded +0 dagger H - a cursed -1 dagger Armor E - an uncursed +0 dwarvish iron helm (being worn) O - an uncursed +0 dwarvish iron helm T - an uncursed +0 orcish helm U - an uncursed +0 orcish helm D - an uncursed +0 pair of iron shoes (being worn) P - an uncursed +0 pair of iron shoes w - an uncursed +2 dwarvish cloak C - an uncursed +0 dwarvish cloak Q - an uncursed +0 dwarvish cloak i - an uncursed +0 Hawaiian shirt with a toucan motif (being worn) Comestibles b - 2 uncursed cloves of garlic d - 3 uncursed food rations f - an uncursed fortune cookie c - 3 uncursed tripe rations u - a cursed rotten tin of jackal meat e - 2 uncursed eggs v - an uncursed lichen corpse Scrolls o - a cursed scroll of confuse monster V - an uncursed scroll of create monster S - an uncursed scroll of genocide q - a blessed scroll of gold detection h - 3 uncursed scrolls of magic mapping F - an uncursed scroll of teleportation Potions y - an uncursed potion of booze p - 2 blessed potions of healing A - a cursed potion of restore ability Rings W - an uncursed ring of free action Wands z - a wand of fire (0:2) Z - a wand of make invisible (0:5) K - a wand of make invisible (0:4) Tools N - a frost horn (0:7) k - an uncursed credit card j - an expensive camera (0:72) m - an uncursed magic lamp (lit) l - a +0 pick-axe Gargor the Tourist's attributes: Background: You were an Excursionist, a level 6 male human Tourist. You were neutral, on a mission for The Lady who was opposed by Blind Io (lawful) and Offler (chaotic). You were right-handed. You were in the Gnomish Mines, on level 7. You entered the dungeon 2160 turns ago. You had 413 experience points, 227 more were needed to attain level 7. Your score was 1962 before end-of-game adjustments. Basics: You had 0 out of 58 hit points. You had all 16 energy points (spell power). Your armor class was 6. Your wallet contained 21 zorkmids. Autopickup was off. Final Characteristics: Your strength was 11 (limit:18/100). Your dexterity was 12 (limit:18). Your constitution was 15 (limit:18). Your intelligence was 13 (limit:18). Your wisdom was 7 (limit:18). Your charisma was 17 (limit:18). Final Status: You weren't hungry. You were burdened; movement was slightly slowed. You were bare handed. You were unskilled in bare handed combat. Final Attributes: You were piously aligned. You were telepathic. You are dead. Miscellaneous: You never encountered a bones level. Total elapsed playing time was 1 hour, 1 minute and 31 seconds. Major events: Turn 1: gargor the neutral male human Tourist entered the dungeon 818: entered the Gnomish Mines 881: attained the rank of Sightseer (level 3) 2015: attained the rank of Excursionist (level 6) 2104: reached Mine Town 2160: killed by a killer bee Vanquished creatures: a housecat a rock mole 3 gnome leaders a gray ooze a straw golem 3 floating eyes 6 dwarves 8 hill orcs an iguana 3 killer bees 3 hobbits a large kobold 19 gnomes 2 geckos a jackal 3 goblins 3 grid bugs a lichen 2 newts 63 creatures vanquished. No species were genocided or became extinct. Voluntary challenges: You read items or engraved 10 times. You never engraved Elbereth. You never genocided any monsters. You never polymorphed an object. You never changed form. You used no wishes. Achievements: You entered the Gnomish Mines. You attained the rank of Sightseer. You attained the rank of Excursionist. You entered Minetown. The Dungeons of Doom: levels 1 to 4 Level 1: Level 2: Many fountains, some sinks. Level 3: A fountain. Stairs down to The Gnomish Mines. Level 4: The Gnomish Mines: levels 4 to 7 Level 4: Level 5: Level 6: Level 7: <- You were here. A tree. Final resting place for you, killed by a killer bee. Game over: ---------- / \ / REST \ / IN \ / PEACE \ / \ | gargor | | 21 Au | | killed by a | | killer bee | | | | | | 2024 | *| * * * | * _________)/\\_//(\/(/\)/\//\/|_)_______ Aloha gargor the Tourist... You died in The Gnomish Mines on dungeon level 7 with 1962 points, and 21 pieces of gold, after 2160 moves. You were level 6 with a maximum of 58 hit points when you died.